 Dungeon Sprint DCSS version 0.30.1-4-g462c640d31 (webtiles) character file.

Game seed: 12082437571797847427

14203 Heoruswealwe the Ninja (level 11, 0/56 HPs)
             Began as a Spriggan Artificer on Aug 29, 2023.
             Was an Initiate of Gozag.
             Engulfed by a cloud of steam (6 damage)
             ... in the Dungeon (Sprint I: "Red Sonja").
             The game lasted 00:24:46 (1936 turns).

Heoruswealwe the Ninja (Spriggan Artificer)         Turns: 1936, Time: 00:24:47

Health: 0/56       AC:  2    Str:  8    XL:     11   Next: 85%
Magic:  12/12      EV: 34    Int: 13    God:    Gozag
Gold:   3474       SH:  0    Dex: 20    Spells: 10/10 levels left

rFire   . . .        a - +4 dagger (speed)
rCold   . . .        (no shield)
rNeg    . . .        c - +0 robe
rPois   .            (helmet restricted)
rElec   .            (no cloak)
rCorr   .            (gloves unavailable)
SInv    +            (boots unavailable)
Will    +....        (no amulet)
Stlth   ++++++++++   (no ring)
HPRegen 0.29/turn    (no ring)
MPRegen 0.13/turn

%: no teleportation
@: very quick
A: very small, no large weapons, unfitting armour, see invisible, speed 3
a: Renounce Religion, Potion Petition, Call Merchant, Bribe Branch


You were in the Dungeon.
You worshipped Gozag.
Gozag was most pleased with you.
You visited 1 branch You collected 6448 gold pieces.
You spent 2206 gold pieces at shops.
You donated 31 gold pieces to Zin.
You paid 737 gold pieces to Gozag.

Inventory:

Hand Weapons
 a - a +4 dagger of speed (weapon)
 b - a +3 rapier of flaming
Armour
 c - a +0 robe (worn)
Wands
 d - a wand of charming (15)
 e - a wand of iceblast (2)
 l - a wand of mindburst (2)
 n - a wand of flame (21) (quivered)
 r - a wand of roots (2)
Scrolls
 k - 2 scrolls of blinking
 m - a scroll of fear
 t - 3 scrolls of enchant armour
 v - 3 scrolls of immolation
 A - a scroll of silence
Potions
 f - 2 potions of curing
 i - 2 potions of magic
 j - a potion of berserk rage
 o - a potion of might
 q - 2 potions of ambrosia
 x - a potion of flight
 z - 2 potions of lignification {unknown}
 C - a potion of brilliance {unknown}
 D - a potion of degeneration {unknown}
Miscellaneous
 p - a phial of floods
 s - a phantom mirror


   Skills:
 + Level 5.7 Fighting
 + Level 7.4 Short Blades
 + Level 19.2 Dodging
 O Level 27 Stealth
 * Level 21.0 Evocations


You had 10 spell levels left.
You didn't know any spells.
Your spell library contained the following spells:

 Spells                   Type           Power      Damage    Failure   Level
 Magic Dart               Conj           0%         1d3       30%         1
 Necrotise                Necr           0%         1d4       30%         1
 Searing Ray              Conj           0%         2d4       43%         2
 Vampiric Draining        Necr           0%         2d6       67%         3
 Fulminant Prism          Conj/Hex       0%         3d5       97%         4
 Manifold Assault         Tloc           0%         N/A       97%         4
 Agony                    Necr           0%         N/A       100%        5
 Dispersal                Tloc           0%         N/A       100%        6
 Disjunction              Tloc           0%         N/A       100%        8


Dungeon Overview and Level Annotations

Branches:
Dungeon (1/1)

Altars:
Cheibriados
Dithmenos
Elyvilon
Fedhas
Gozag
Hepliaklqana
Kikubaaqudgha
Makhleb
Nemelex Xobeh
Okawaru
Qazlal
Ru
Sif Muna
Trog
Uskayaw
Vehumet
Wu Jian
Xom
Yredelemnul
Zin
The Shining One
Jiyva
Lugonu

Shops:
D =:((*[(*=[::**[[:*?:[*


Innate Abilities, Weirdness & Mutations

You are very small and have problems with some larger weapons.
You are too small for most types of armour.
You have supernaturally acute eyesight. (SInv)
You cover ground extremely quickly. (Speed+++)


Message History

You stick the 12-headed hydra like a pincushion!!!!!
You kill the 12-headed hydra!
You see here 135 gold pieces.
The helpless floating eye fails to defend itself.
You skewer the floating eye like a kebab!!!!!
You kill the floating eye!
Your Evocations skill increases to level 21!
You close the door.
You now have 3249 gold pieces (gained 27).
You now have 3384 gold pieces (gained 135).
You now have 3411 gold pieces (gained 27).
You now have 3447 gold pieces (gained 36).
You open the door.
There is an open door here.
You open the door.
You are engulfed in a cloud of scalding steam.
Found 270 gold pieces.
You are engulfed in a cloud of scalding steam.
You close the door.
You are engulfed in a cloud of scalding steam.
Found 27 gold pieces.
You are engulfed in a cloud of scalding steam.
Found 135 gold pieces.
You are engulfed in a cloud of scalding steam.
Found a book of Necromancy and 81 gold pieces.
There is an open door here.
Found 54 gold pieces.
You are engulfed in a cloud of scalding steam.
You see here 27 gold pieces.
You close the door.
You are engulfed in a cloud of scalding steam.
* * * LOW HITPOINT WARNING * * *
You feel better.
You are engulfed in a cloud of scalding steam.
You now have 3474 gold pieces (gained 27).
You are engulfed in a cloud of scalding steam.
* * * LOW HITPOINT WARNING * * *
You are engulfed in a cloud of scalding steam.
You die...
Your body crumbles into a pile of gold.

####################**********
§'§§§...+..#.§+§§§§#,,,$$$$$$*
##§§.§§##.§+..#§@§§#*,,$$$$$$*
###.§§#######+#§§§§§#****$$$$*
#.###+#,$,**,,#§§§§§#$$$*$$$$*
..#y#,**$$$*,,##$$§§#,∩,*$$$$*
..###,,***$*,,~###+##$$$*$$$$*
....#*,*,*$*,,~,,*,****+*$$$$*
....#,,***$*,,~,**+*,,,,**$$$*
#++##,**,,$*,,~**,,,,,,,,**$$*
..##*,,*+***,,~*,,,,,,,,,,*$$*


There were no monsters in sight!

Vanquished Creatures
  A lorocyproca (D)
  A hydra (D)
  2 centaur warriors (D)
  Sonja (D)
  A deep troll (D)
  A lindwurm (D)
  An oklob plant (D)
  8 shining eyes (D)
  A gargoyle (D)
  3 demonic crawlers (D)
  2 unseen horrors (D)
  2 kobold demonologists (D)
  A hornet (D)
  A slime creature (D)
  Sigmund (D)
  A yak (D)
  13 hogs (D)
  2 redbacks (D)
  7 floating eyes (D)
  An ogre (D)
  7 necrophages (D)
  8 jellies (D)
  Ijyb (D)
  A ballistomycete spore (D)
68 creatures vanquished.

Vanquished Creatures (collateral kills)
  A demonic crawler (D)
1 creature vanquished.

Vanquished Creatures (others)
  A ballistomycete spore (D)
1 creature vanquished.

Grand Total: 70 creatures vanquished

Notes
Turn   | Place    | Note
-------+----------+-------------------------------------------
     0 | D        | Heoruswealwe the Spriggan Artificer began the quest for the
                  | Orb.
     0 | D        | Reached XP level 1. HP: 9/9 MP: 2/2
     1 | D        | Noticed Ijyb
     3 | D        | Killed Ijyb
     4 | D        | Reached skill level 6 in Stealth
     4 | D        | Reached skill level 5 in Evocations
     4 | D        | Reached XP level 2. HP: 5/14 MP: 3/3
    46 | D        | Noticed an ogre
    53 | D        | Killed an ogre
    54 | D        | Reached skill level 10 in Stealth
    54 | D        | Reached XP level 3. HP: 17/17 MP: 4/4
    54 | D        | Reached XP level 4. HP: 21/21 MP: 5/5
    67 | D        | Noticed Sigmund
    70 | D        | Killed Sigmund
    71 | D        | Reached skill level 13 in Stealth
    71 | D        | Reached XP level 5. HP: 25/25 MP: 6/6
    82 | D        | Found an ornate altar of the Wu Jian Council.
    82 | D        | Found a shimmering blue altar of Sif Muna.
    84 | D        | Found a radiant altar of Vehumet.
    89 | D        | Reached XP level 6. HP: 29/29 MP: 7/7
   118 | D        | Found Ciuzoh's Weapon Emporium.
   118 | D        | Found an ancient bone altar of Kikubaaqudgha.
   118 | D        | Found a hazy altar of Hepliaklqana.
   118 | D        | Found a stormy altar of Qazlal.
   118 | D        | Found a hide-covered altar of Uskayaw.
   118 | D        | Found a blossoming altar of Fedhas.
   118 | D        | Found a bloodstained altar of Trog.
   118 | D        | Found an iron altar of Okawaru.
   118 | D        | Found a basalt altar of Yredelemnul.
   118 | D        | Found a glowing golden altar of the Shining One.
   118 | D        | Found a snail-covered altar of Cheibriados.
   118 | D        | Found a sacrificial altar of Ru.
   118 | D        | Found a glowing silver altar of Zin.
   118 | D        | Found a shadowy altar of Dithmenos.
   118 | D        | Found a white marble altar of Elyvilon.
   118 | D        | Noticed a yak
   119 | D        | Found an opulent altar of Gozag.
   120 | D        | Killed a yak
   121 | D        | Reached skill level 10 in Dodging
   121 | D        | Reached skill level 15 in Stealth
   121 | D        | Reached skill level 10 in Evocations
   121 | D        | Found a sparkling altar of Nemelex Xobeh.
   126 | D        | Became a worshipper of Zin the Law-Giver
   126 | D        | Reached * piety under Zin
   126 | D        | Reached ** piety under Zin
   126 | D        | Reached *** piety under Zin
   126 | D        | Reached **** piety under Zin
   126 | D        | Reached ***** piety under Zin
   126 | D        | Reached ****** piety under Zin
   135 | D        | Noticed Sonja
   136 | D        | Killed Sonja
   137 | D        | Reached skill level 18 in Stealth
   137 | D        | Reached XP level 7. HP: 19/32 MP: 8/8
   153 | D        | Found Ine Rya's Jewellery Boutique.
   232 | D        | Noticed a shining eye
   232 | D        | Noticed a shining eye
   232 | D        | Noticed a shining eye
   232 | D        | Noticed a shining eye
   232 | D        | Noticed a shining eye
   232 | D        | Noticed a shining eye
   235 | D        | Reached XP level 8. HP: 37/37 MP: 9/9
   235 | D        | Noticed a shining eye
   235 | D        | Noticed a shining eye
   238 | D        | Reached skill level 19 in Stealth
   245 | D        | Killed a shining eye
   246 | D        | Reached skill level 20 in Stealth
   246 | D        | Killed a shining eye
   247 | D        | Reached skill level 21 in Stealth
   247 | D        | Reached XP level 9. HP: 40/40 MP: 10/10
   249 | D        | Killed a shining eye
   250 | D        | Reached skill level 22 in Stealth
   294 | D        | Killed a shining eye
   318 | D        | Killed a shining eye
   319 | D        | Reached skill level 23 in Stealth
   319 | D        | Reached skill level 15 in Evocations
   332 | D        | Killed a shining eye
   333 | D        | Reached skill level 15 in Dodging
   348 | D        | Killed a shining eye
   349 | D        | Reached skill level 24 in Stealth
   349 | D        | Reached XP level 10. HP: 44/44 MP: 11/11
   372 | D        | Killed a shining eye
   377 | D        | Found Moekoud's Book Shoppe.
   377 | D        | Found Gomm's General Store.
   377 | D        | Found Ohuwups's Antique Weapon Emporium.
   377 | D        | Found Pen Xett's Antique Armour Boutique.
   416 | D        | Fell from the grace of Zin
   416 | D        | Became a worshipper of Gozag Ym Sagoz the Greedy
   506 | D        | Noticed a deep troll
   514 | D        | Killed a deep troll
   515 | D        | Reached skill level 25 in Stealth
   526 | D        | Found Hexapiov's Armour Emporium.
   597 | D        | Noticed a centaur warrior
   597 | D        | Noticed a centaur warrior
   600 | D        | Killed a centaur warrior
   602 | D        | Killed a centaur warrior
   603 | D        | Reached skill level 26 in Stealth
   632 | D        | Noticed an oklob plant
   634 | D        | Killed an oklob plant
   676 | D        | Reached skill level 27 in Stealth
   692 | D        | Reached skill level 1 in Fighting
   692 | D        | Reached skill level 1 in Short Blades
   794 | D        | Reached XP level 11. HP: 49/49 MP: 12/12
   882 | D        | Found Idea's General Store.
   882 | D        | Found Dyssip's Weapon Shop.
   882 | D        | Found Hashru Xad's Jewellery Boutique.
   888 | D        | Found Funadexte's Magic Scroll Boutique.
   888 | D        | Found Tiguh's Assorted Antiques.
   888 | D        | Found Woruten's Book Emporium.
   890 | D        | Found Tanente's Assorted Antiques.
   890 | D        | Found Paunwoj's Book Shoppe.
   890 | D        | Found Oceabb's Armour Shop.
   890 | D        | Found Tuot's Antique Armour Emporium.
   890 | D        | Found Doewk's Assorted Antiques.
   890 | D        | Found Xekoigog's Book Shoppe.
   890 | D        | Found Adojiub's Book Shop.
   892 | D        | Bought an emerald potion for 14 gold pieces
   892 | D        | Bought a scroll labelled YMOEC WOMIADGH for 16 gold pieces
   892 | D        | Bought a scroll labelled QYMOTZ KOOTH for 16 gold pieces
   892 | D        | Bought 3 scrolls labelled QUBETI ODGHEIL for 48 gold pieces
   892 | D        | Bought a scroll labelled QYMOTZ KOOTH for 16 gold pieces
   892 | D        | Bought a fading dagger for 112 gold pieces
   892 | D        | Identified the +9 dagger of the Golden God {heavy, MP+9
                  | Int+4} (You bought it in a shop in the Dungeon)
   892 | D        | Bought a scroll labelled HUDIRA SUQEI for 16 gold pieces
   892 | D        | Bought a scroll labelled EGHACH YBRIGH for 16 gold pieces
   893 | D        | Bought 3 scrolls of identify for 60 gold pieces
   893 | D        | Bought a scroll of identify for 20 gold pieces
   893 | D        | Bought a scroll of identify for 20 gold pieces
   894 | D        | Found Tudit's Antique Armour Emporium.
   895 | D        | Bought a white potion for 28 gold pieces
   895 | D        | Bought 2 scrolls labelled VOIH EZANIMIT for 64 gold pieces
   895 | D        | Bought a scroll labelled HUDIRA SUQEI for 32 gold pieces
   899 | D        | Bought 2 clear potions for 32 gold pieces
   899 | D        | Bought a scroll labelled XIDOKI SINIRE for 18 gold pieces
   899 | D        | Bought an emerald potion for 16 gold pieces
   899 | D        | Bought a scroll labelled VEUMOARR MOIHY for 18 gold pieces
   899 | D        | Bought a grey potion for 16 gold pieces
   899 | D        | Bought a dark potion for 16 gold pieces
   904 | D        | Bought a scroll of identify for 24 gold pieces
   946 | D        | Bought a scroll of identify for 36 gold pieces
   946 | D        | Bought a scroll of identify for 36 gold pieces
   950 | D        | Bought a scroll of identify for 64 gold pieces
   963 | D        | Bought a worn ivory wand for 132 gold pieces
   963 | D        | Bought a phantom mirror for 1320 gold pieces
  1022 | D        | Found a burning altar of Makhleb.
  1022 | D        | Found a viscous altar of Jiyva.
  1022 | D        | Found a shimmering altar of Xom.
  1022 | D        | Found a corrupted altar of Lugonu.
  1075 | D        | Reached skill level 5 in Short Blades
  1276 | D        | Noticed a lorocyproca
  1286 | D        | Killed a lorocyproca
  1640 | D        | Noticed a lindwurm
  1644 | D        | Killed a lindwurm
  1659 | D        | Reached skill level 5 in Fighting
  1909 | D        | Noticed a 12-headed hydra
  1911 | D        | Killed a 12-headed hydra
  1936 | D        | Engulfed by a cloud of steam

Illustrated notes

Levels and vault maps discovered:
D:        dungeon_sprint_1 [red_sonja_temple_1, red_sonja_temple_small_1]

Skill      XL: |  1  2  3  4  5  6  7  8  9 10 11 |
---------------+----------------------------------+-----
Dodging        | 4 6 8 11 12 13 15 17 19 | 19.2
Stealth        | 6 10 13 18 21 24 27 | 27.0
Evocations     | 5 7 9 12 13 15 17 21 | 21.0
Fighting       | 1 5 |  5.7
Short Blades   | 1 7 |  7.4

Action                     |  1- 3 |  4- 6 |  7- 9 | 10-12 || total
---------------------------+-------+-------+-------+-------++-------
  Melee: Dagger            |       |     3 |    82 |   150 ||   235
         Punch             |       |       |     3 |       ||     3
 Invoke: Call Merchant     |       |       |       |     1 ||     1
  Evoke: Wand              |     5 |     1 |       |    32 ||    38
         Phantom mirror    |       |       |       |     2 ||     2
         Phial of floods   |       |       |       |     1 ||     1
    Use: Scroll            |       |       |       |    13 ||    13
         Potion            |       |       |       |     3 ||     3
   Stab: Sleeping          |       |     3 |     7 |    28 ||    38
         Distracted        |       |       |       |     1 ||     1
 Armour: Robe              |       |       |       |     3 ||     3
  Dodge: Dodged            |       |       |       |    65 ||    65
